 Dungeon Crawl Stone Soup version 0.31-a0-986-g5e6e4ef867 (webtiles) character file.

Game seed: 18067975066401522182

9 wildpjah the Covered (level 2, 19/19 HPs)
             Began as a Tengu Fighter on Nov 22, 2023.
             Quit the game on level 1 of the Dungeon.
             The game lasted 00:00:23 (190 turns).

wildpjah the Covered (Tengu Fighter)                 Turns: 190, Time: 00:00:24

Health: 19/19      AC:  6    Str: 16    XL:     2   Next: 12%
Magic:  3/3        EV:  8    Int:  8    God:
Gold:   0          SH:  4    Dex: 13    Spells: 1/1 levels left

rFire   . . .        a - +0 long sword
rCold   . . .        c - +0 buckler
rNeg    . . .        b - +0 scale mail
rPois   .            (helmet restricted)
rElec   .            (no cloak)
rCorr   .            (no gloves)
SInv    .            (boots unavailable)
Will    .....        (no amulet) Stlth
                     (no ring)
HPRegen 0.23/turn    (no ring)
MPRegen 0.08/turn

%: acrobat
@: no status effects
A: beak, talons 3, acrobatic
a: no special abilities


You were on level 1 of the Dungeon.
You visited 1 branch of the dungeon, and saw 1 of its levels.

Inventory:

Hand Weapons
 a - a +0 long sword (weapon)
Armour
 b - a +0 scale mail (worn)
 c - a +0 buckler (worn)
Potions
 d - a potion of might


   Skills:
 + Level 3.1 Fighting
 + Level 2.3 Long Blades
 + Level 3.4 Armour
 + Level 3.1 Shields


You had one spell level left.
You didn't know any spells.
Your spell library was empty.

Dungeon Overview and Level Annotations

Branches:
Dungeon (1/15)

Altars:


Innate Abilities, Weirdness & Mutations

You have a beak for a mouth.
You have claws for feet.
You can magically evade attacks while moving or waiting.


Message History

Things that are here:
a +0 dagger; a goblin corpse
Found a mace.
You see here a +0 mace.
A rat comes into view.
The rat closely misses you.
You hit the rat. You claw the rat, but do no damage.
The rat is heavily wounded.
The rat bites you. You block the rat's attack.
You closely miss the rat. You claw the rat.
You kill the rat!
HP restored.
A hobgoblin comes into view.
The hobgoblin shouts!
You barely miss the hobgoblin. You claw the hobgoblin.
Your peck misses the hobgoblin.
The hobgoblin is heavily wounded.
The hobgoblin hits you. The hobgoblin closely misses you.
You hit the hobgoblin.
You kill the hobgoblin!
No target in view!
No target in view!
An endoplasm comes into view.
The endoplasm quivers.
A goblin comes into view. It is wielding a +0 dagger.
The endoplasm hits you.
You hit the endoplasm.
The endoplasm is heavily wounded.
The endoplasm hits you but does no damage.
You hit the endoplasm.
You kill the endoplasm!
You have reached level 2!
The goblin completely misses you.
You barely miss the goblin. You claw the goblin, but do no damage.
You block the goblin's attack. x2
You hit the goblin. Your kick misses the goblin. You peck the goblin.
You kill the goblin!
No target in view!
No target in view!
Are you sure you want to abandon this character and quit the game? (Confirm with "yes".)

#.#.....#.#.
###.....#.#.######.##
#.........# .......
###......## ......
#####......# .....
...##......# ##...#
##.##......# #..#.##
.#.##......# #..)..#
.#)...###### #.@...#
.#..### #.....#.#
##..# ##.....#.# ####
##..#####.# ##..##
....# ####..## #####
# #....##
#########.#..##
......... ##..##


There were no monsters in sight!

Vanquished Creatures
  An endoplasm (D:1)
  2 goblins (D:1)
  A hobgoblin (D:1)
  A ball python (D:1)
  A frilled lizard (D:1)
  A kobold (D:1)
  2 rats (D:1)
9 creatures vanquished.

Notes
Turn   | Place    | Note
-------+----------+-------------------------------------------
     0 | D:1      | wildpjah the Tengu Fighter began the quest for the Orb.
     0 | D:1      | Reached XP level 1. HP: 14/14 MP: 2/2
   187 | D:1      | Reached XP level 2. HP: 19/19 MP: 3/3
   190 | D:1      | Quit the game

Illustrated notes

Levels and vault maps discovered:
D:1:      pf_arrival_petrified_forest, layout_basic, serial_co_window_serial,
          co_window_of_opportunity_a, co_window_of_opportunity_a,
          co_window_of_opportunity_a, co_window_paths_a, co_window_paths_b,
          co_window_of_opportunity_a, co_window_corner_a, co_window_paths_a,
          co_window_paths_a, co_window_2corner, co_window_broadway_a,
          co_window_broadway_a, co_window_2corner, co_window_paths_d,
          glass_columns_c, glass_columns_a, glass_columns_a, glass_columns_b,
          glass_columns_c, minmay_misc_feat_iff

Action                     || total
---------------------------++-------
  Melee: Long sword        ||    14
         Kick              ||     4
         Peck              ||     1
 Armour: Scale mail        ||     4
  Dodge: Dodged            ||     6
  Block: Buckler           ||     6

Table legend: (Time is in decaauts)
 A = Elapsed time spent in this place.
 B = Non-inter-level travel time spent in this place.
 C = Inter-level travel time spent in this place.
 D = Time resting spent in this place.
 E = Time spent auto-exploring this place.
 F = Levels seen in this place.
 G = Mean time per level.
                   A        B        C        D        E       F      G
               +--------+--------+--------+--------+--------+-----+--------+
         Total |    194 |    194 |      0 |      0 |    145 |   1 |  194.0 |
       Dungeon |    194 |    194 |      0 |      0 |    145 |   1 |  194.0 |
               +--------+--------+--------+--------+--------+-----+--------+

Top non-repeatable levels by time:
     D:1: 194 daAuts
